 Dungeon Crawl Stone Soup version 0.30-a0-1018-g25214051b3 (webtiles) character file.

Game seed: 2544442430359283039

230 pascalblue the Conjurer (level 5, -4/28 HPs)
             Began as a Deep Elf Conjurer on Apr 7, 2023.
             Slain by Pikel
             ... wielding a +1 whip of electrocution
              (17 damage)
             ... on level 3 of the Dungeon.
             The game lasted 00:10:25 (4121 turns).

pascalblue the Conjurer (Deep Elf Conjurer)         Turns: 4121, Time: 00:10:26

Health: -4/28      AC:  4    Str:  4    XL:     5   Next: 72%
Magic:  12/14      EV: 12    Int: 25    God:
Gold:   203        SH:  0    Dex: 13    Spells: 3/14 levels left

rFire   . . .      SeeInvis .    b - +1 flail (protect)
rCold   . . .      Faith    .    (no shield)
rNeg    . . .      Spirit   .    a - +0 robe
rPois   .          Reflect  .    (no helmet)
rElec   .          Rampage  .    (no cloak)
rCorr   .                        m - +1 pair of gloves
Will    .....                    (no boots)
Stlth   ++                       (no amulet)
HPRegen 0.24/turn                (no ring)
MPRegen 0.14/turn                (no ring)

@: no status effects
A: no striking features
a: no special abilities


You were on level 3 of the Dungeon.
You visited 1 branch of the dungeon, and saw 5 of its levels.

You collected 203 gold pieces.

Inventory:

Hand Weapons
 b - a +1 flail of protection (weapon)
 e - a +1 mace of freezing
 n - a +0 battleaxe
Armour
 a - a +0 robe (worn)
 m - a +1 pair of gloves (worn)
Wands
 l - a wand of flame (12)
 t - a wand of digging (3)
Scrolls
 g - a scroll of poison
 i - a scroll of immolation
 k - a scroll of amnesia
 o - 3 scrolls of magic mapping
Potions
 d - a potion of invisibility {unknown}
 h - 2 potions of lignification
 j - a potion of mutation
 s - a potion of curing {unknown}


   Skills:
 - Level 0.1 Fighting
 - Level 2.4 Dodging
 - Level 2.4 Stealth
 + Level 5.2 Spellcasting
 * Level 6.3 Conjurations
 + Level 1.7 Hexes
 + Level 1.3 Fire Magic


You had 3 spell levels left.
You knew the following spells:

 Your Spells              Type           Power      Damage    Failure   Level
a - Magic Dart            Conj           100%       1d8       1%          1
b - Searing Ray           Conj           76%        2d7       1%          2
c - Fulminant Prism       Conj/Hex       13%        3d8       16%         4
d - Sticky Flame          Conj/Fire      25%        2d5       17%         4

Your spell library contained the following spells:

 Spells                   Type           Power      Damage    Failure   Level
 Dazzling Flash           Conj/Hex       52%        N/A       4%          3
 Inner Flame              Hex/Fire       14%        N/A       13%         3
 Flame Wave               Conj/Fire      25%        2d8       17%         4
 Iskenderun's Mystic Bla  Conj/Tloc      22%        2d6       22%         4


Dungeon Overview and Level Annotations

Branches:
Dungeon (5/15)
 Temple: D:4-7

Altars:
Ashenzari
Ru

Annotations:
D:3 Pikel
D:5 Prince Ribbit


Message History

You don't know that spell.
Casting: Magic Dart (safe; 1% risk of failure)
Confirm with . or Enter, or press ? or * to list all spells.
Okay, then.
Pikel shouts!
Casting: Magic Dart (safe; 1% risk of failure)
Confirm with . or Enter, or press ? or * to list all spells.
Aiming: Searing Ray (safe; 1% risk of failure)
Press: ? - help, Shift-Dir - straight line, f - lemure
Aim: a lemure (76% to hit)
Okay, then.
Casting: Searing Ray (safe; 1% risk of failure)
Confirm with . or Enter, or press ? or * to list all spells.
The spell is extremely dangerous to miscast (16% risk of failure)!
Continue anyway?
Aiming: Fulminant Prism (extremely dangerous; 16% risk of failure)
Press: ? - help, Dir - move target You miscast Fulminant Prism.
You are very lightly contaminated with residual magic.
A wave of violent energy washes through your body.
Your magical contamination has completely faded away.
Pikel waves his whip at you.
You open the door. Pikel attacks as you move away! Pikel misses you.
There is an open door here.
Pikel misses you.
There is a stone staircase leading up here.
Pikel hits you with a +1 whip of electrocution!
You climb upwards.
There is a stone staircase leading down here.
Casting: Fulminant Prism (extremely dangerous; 16% risk of failure)
Confirm with . or Enter, or press ? or * to list all spells.
Aiming: Searing Ray (safe; 1% risk of failure)
Press: ? - help, Shift-Dir - straight line, f - Pikel
Aim: Pikel, wielding a +1 whip of electrocution and wearing a +0 robe (76% to hit)
The searing ray misses Pikel. (Press . to maintain the ray.) Pikel hits you with a +1 whip of electrocution!
You are electrocuted!
Ouch! That really hurt!
You die...

.......................#
.......##..#########.###
.......##....### #.############
.......##..#...### #.#...........
.......###...#...# #.#.#########.
.......# ###.....# #.#.#..# #.
.....###########.# #.#.#..# #.
....##PP._8#####.###^#.#..# #.
....#P.~####...#@K.....#<.######.
....#.P~# ###.#######.#.........
#####.~## #.#######.##).######
#.~P# #.........##..# ##~P##
############..## #P~P#
#.............# #P~.##
#.###.#.####.## ##P~..##
#.#...#.# #.# #P.~.PP## #.#.###.#
#.#


You could see Pikel.

Vanquished Creatures
  A lemure (D:4)
  A gnoll sergeant (D:4)
  Ijyb (D:4)
  An orc wizard (D:3)
  3 gnolls (D:4)
  2 adders
  A dart slug (D:1)
  3 orcs (D:3)
  6 endoplasms
  5 giant cockroaches
  7 goblins
  2 hobgoblins
  4 jackals (D:2)
  5 kobolds
  3 quokkas
  9 ball pythons
  7 bats
  3 frilled lizards
  3 rats
67 creatures vanquished.

Notes
Turn   | Place    | Note
-------+----------+-------------------------------------------
     0 | D:1      | pascalblue the Deep Elf Conjurer began the quest for the
                  | Orb.
     0 | D:1      | Reached XP level 1. HP: 10/10 MP: 6/6
   175 | D:1      | Reached XP level 2. HP: 15/15 MP: 4/8
   393 | D:1      | Reached skill level 5 in Conjurations
   758 | D:1      | Learned a level 2 spell: Searing Ray
  1037 | D:2      | Reached XP level 3. HP: 19/19 MP: 7/10
  2024 | D:3      | Identified the +10 short sword "Ochidipt" {heavy, rF- Str+3
                  | Stlth+}
  2217 | D:3      | Reached XP level 4. HP: 14/24 MP: 6/12
  2402 | D:3      | You fall into a shaft and drop 2 floors!
  2402 | D:5      | Entered Level 5 of the Dungeon
  2404 | D:5      | Found a sacrificial altar of Ru.
  2520 | D:5      | Noticed Prince Ribbit
  3058 | D:3      | Found a faded altar of an unknown god.
  3186 | D:4      | Noticed Ijyb
  3204 | D:4      | Learned a level 4 spell: Fulminant Prism
  3209 | D:4      | Learned a level 4 spell: Sticky Flame
  3225 | D:4      | Killed Ijyb
  3305 | D:4      | Found a broken altar of Ashenzari.
  3534 | D:4      | Noticed a lemure
  3535 | D:4      | Noticed Pikel
  3535 | D:4      | Noticed a lemure
  3535 | D:4      | Noticed a lemure
  3536 | D:4      | Noticed a lemure
  3567 | D:4      | Killed a lemure
  3736 | D:4      | Reached skill level 6 in Conjurations
  3736 | D:4      | Reached skill level 1 in Hexes
  3736 | D:4      | Reached XP level 5. HP: 28/28 MP: 7/14
  3846 | D:4      | Reached skill level 5 in Spellcasting
  3846 | D:4      | Reached skill level 1 in Fire Magic
  4121 | D:3      | Slain by Pikel

Illustrated notes

Levels and vault maps discovered:
D:1:      tarquinn_simple_flora_water_e, layout_loops_ring, due_unseen_surprise
D:2:      layout_loops_corners
D:3:      layout_basic, shapermc_ecumenical_altar_hornbeckon
D:4:      layout_gridville, evilmike_ruin_ashenzari,
          nicolae_concentric_dashed_squares_wild, uniq_pikel, uniq_ijyb
D:5:      layout_layer_cave, kennysheep_mini, nicolae_overflow_crystal_walls,
          mainiacjoe_overflow_catwalk_spiral, nicolae_dithmenos_shadow_blocks,
          st_stairs_6, skrybe_limestone_x, uniq_grinder,
          uniq_crazy_yiuf_cottage, uniq_prince_ribbit1

Skill      XL: |  1  2  3  4  5 |
---------------+----------------+-----
Conjurations   | 5 6 |  6.3
Spellcasting   | 4 5 |  5.2
Hexes          | 1 |  1.7
Fire Magic     | 1 |  1.3
Fighting       | |  0.1
Dodging        | |  2.4
Stealth        | |  2.4

Action                     |  1- 3 |  4- 6 || total
---------------------------+-------+-------++-------
  Melee: Mace              |       |     2 ||     2
   Cast: Magic Dart        |    71 |    43 ||   114
         Searing Ray       |       |     7 ||     7
    Use: Scroll            |       |    12 ||    12
         Potion            |       |     4 ||     4
 Armour: Robe              |       |     1 ||     1
  Dodge: Dodged            |     1 |    12 ||    13

Table legend: (Time is in decaauts)
 A = Elapsed time spent in this place.
 B = Non-inter-level travel time spent in this place.
 C = Inter-level travel time spent in this place.
 D = Time resting spent in this place.
 E = Time spent auto-exploring this place.
 F = Levels seen in this place.
 G = Mean time per level.
                   A        B        C        D        E       F      G
               +--------+--------+--------+--------+--------+-----+--------+
         Total |   4127 |   4020 |    107 |     89 |   3369 |   5 |  825.4 |
       Dungeon |   4127 |   4020 |    107 |     89 |   3369 |   5 |  825.4 |
               +--------+--------+--------+--------+--------+-----+--------+

Top non-repeatable levels by time:
     D:3: 1144 daAuts
     D:4: 1056 daAuts
     D:2: 1021 daAuts
     D:1: 786 daAuts
     D:5: 119 daAuts
